 Dungeon Crawl Stone Soup version 0.21.0-22-g11d5b52 (webtiles) character file.

14562 magipi the Spear-Bearer (level 12, -6/95 HPs)
             Began as a Merfolk Ice Elementalist on Jan 18, 2018.
             Was a Priest of Fedhas.
             Mangled by a spiny frog (18 damage)
             ... on level 4 of the Lair of Beasts.
             The game lasted 01:15:34 (15859 turns).

magipi the Spear-Bearer (Merfolk Ice Elementalist) Turns: 15859, Time: 01:15:34

Health: -6/95      AC: 14    Str:  9    XL:     12   Next: 17%
Magic:  10/18      EV: 24    Int: 21    God:    Fedhas [***...]
Gold:   449        SH:  0    Dex: 21    Spells: 11/19 levels left

rFire    . . .     SeeInvis .   a - +5 glaive (venom)
rCold    . . .     Gourm    +   (shield currently unavailable)
rNeg     + . .     Faith    .   F - +0 leather armour of True Grit {rN+ Int+4}
rPois    .         Spirit   .   (no helmet)
rElec    .         Reflect  .   t - +1 cloak
rCorr    .         Harm     .   k - +1 pair of gloves
MR       .....                  (no boots)
Stlth    +++.......             K - amulet of the gourmand (curse)
HPRegen  0.25/turn              w - ring of wizardry
MPRegen  0.16/turn              s - +3 ring of slaying

@: agile, lethally poisoned (-6 -> -21), icy armour, slow
A: change form in water, swift swim, stealthy swim
a: Fungal Bloom, Evolution, Sunlight, Growth, Renounce Religion


You were on level 4 of the Lair of Beasts.
You worshipped Fedhas.
Fedhas was most pleased with you.
You were not hungry.

You visited 3 branches of the dungeon, and saw 15 of its levels.
You also visited: Bailey.

You collected 706 gold pieces.
You spent 257 gold pieces at shops.

Inventory:

Hand Weapons
 a - a +5 glaive of venom (weapon)
   (You acquired it on level 8 of the Dungeon)
 b - a +1 halberd
   (You took it off a gnoll on level 1 of the Dungeon)
 p - a +0 dagger
   (You found it on level 1 of the Dungeon)
Missiles
 e - 277 stones (quivered)
 o - 3 javelins
 E - 2 throwing nets
Armour
 k - a +1 pair of gloves (worn)
   (You found it on level 1 of the Dungeon)
 t - a +1 cloak (worn)
   (You found it on level 3 of the Dungeon)
 F - the +0 leather armour of True Grit (worn) {rN+ Int+4}
   (You found it on level 9 of the Dungeon)

   It affects your intelligence (+4).
   It protects you from negative energy.
Jewellery
 i - an uncursed ring of see invisible
   (You found it on level 7 of the Dungeon)
 m - an uncursed ring of protection from magic
   (You found it on level 2 of the Dungeon)
 s - a +3 ring of slaying (right hand)
   (You found it on level 1 of the Dungeon)
 w - a ring of wizardry (left hand)
   (You found it on level 2 of the Dungeon)
 K - a cursed amulet of the gourmand (around neck)
   (You found it on level 1 of the Lair of Beasts)
Wands
 B - a wand of enslavement (14)
   (You found it on level 7 of the Dungeon)
 C - a wand of random effects (81)
   (You took it off a gnoll on level 7 of the Dungeon)
 G - a wand of digging (1)
   (You bought it in a shop on level 9 of the Dungeon)
 L - a wand of acid (3)
   (You found it on level 10 of the Dungeon)
 N - a wand of polymorph (6)
   (You found it on level 1 of the Lair of Beasts)
 O - a wand of paralysis (9)
   (You found it on level 3 of the Lair of Beasts)
Scrolls
 d - 9 scrolls of teleportation
 f - 3 scrolls of enchant weapon
 g - 12 scrolls of remove curse
 j - 4 scrolls of identify
 l - 2 scrolls of fog
 u - 4 scrolls of magic mapping
 I - 2 scrolls of enchant armour
Potions
 h - a potion of flight
 n - 2 potions of mutation
 q - 3 potions of agility
 r - 2 potions of lignification
 x - 4 potions of curing
 z - 2 potions of haste
 H - 2 potions of might
 J - a potion of brilliance
 P - a potion of resistance
Books
 v - a book of Misfortune
   (You found it on level 3 of the Dungeon)

   Spells                             Type                      Level
   a - Confusing Touch                Hexes                        1
   b - Confuse                        Hexes                        3
   c - Gell's Gravitas                Translocation                3
   d - Petrify                        Transmutation/Earth          4
   e - Metabolic Englaciation         Hexes/Ice                    5
   f - Yara's Violent Unravelling     Hexes/Transmutation          5
 y - a book of Minor Magic
   (You found it on level 6 of the Dungeon)

   Spells                             Type                      Level
   a - Magic Dart                     Conjuration                  1
   b - Blink                          Translocation                2
   c - Call Imp                       Summoning                    2
   d - Slow                           Hexes                        2
   e - Conjure Flame                  Conjuration/Fire             3
   f - Mephitic Cloud                 Conjuration/Poison/Air       3
 A - a book of Frost

   Spells                             Type                      Level
   a - Freeze                         Ice                          1
   b - Throw Frost                    Conjuration/Ice              2
   c - Ozocubu's Armour               Charms/Ice                   3
   d - Throw Icicle                   Conjuration/Ice              4
   e - Summon Ice Beast               Ice/Summoning                4
 D - a book of Debilitation
   (You found it on level 8 of the Dungeon)

   Spells                             Type                      Level
   a - Corona                         Hexes                        1
   b - Slow                           Hexes                        2
   c - Inner Flame                    Hexes/Fire                   3
   d - Portal Projectile              Hexes/Translocation          3
   e - Cause Fear                     Hexes                        4
   f - Leda's Liquefaction            Hexes/Earth                  4
Miscellaneous
 Q - a lamp of fire (inert)
   (You found it on level 4 of the Lair of Beasts)
Comestibles
 c - 19 rations


   Skills:
 - Level 9.0 Fighting
 + Level 14.0 Polearms
 + Level 9.5 Dodging
 - Level 2.1 Stealth
 - Level 4.0 Spellcasting
   Level 0.7 Conjurations
 - Level 5.0 Charms
 - Level 7.0 Summonings
 - Level 7.0 Ice Magic
 + Level 4.3 Invocations
 + Level 3.9 Evocations


You had 11 spell levels left.
You knew the following spells:

 Your Spells              Type           Power        Failure   Level  Hunger
a - Freeze                Ice            ####         1%          1    None
i - Summon Ice Beast      Ice/Summ       ####....     3%          4    ####...
o - Ozocubu's Armour      Chrm/Ice       ####....     1%          3    ###....


Dungeon Overview and Level Annotations

Branches:
Dungeon (10/15)            Temple (1/1) D:4            Lair (4/6) D:10
 Shoals (0/4) Lair:4        Snake (0/4) Lair:4          Orc (0/2) D:10

Altars:
Ashenzari
Cheibriados
Elyvilon
Fedhas
Gozag
Hepliaklqana
Kikubaaqudgha
Makhleb
Nemelex Xobeh
Okawaru
Ru
Sif Muna
Uskayaw
Vehumet
Wu Jian
Yredelemnul
Zin
The Shining One
Beogh

Shops:
D:9 *

Annotations:
Lair:2 Nergalle
Lair:3 Fannar


Message History

Your ice beast hits the guardian serpent.
Your ice beast freezes the guardian serpent!
Your ice beast hits the guardian serpent.
Your ice beast freezes the guardian serpent!
You see here a yak corpse.
Unknown command.
The guardian serpent coils itself and performs some mystic snake dance.
The spiny frog blinks!
The yak blinks!
The spiny frog barely misses you. The yak misses you.
The guardian serpent hits your ice beast!
Your ice beast barely misses the guardian serpent. x2
The spiny frog stings you!
* * * LOW HITPOINT WARNING * * *
You are poisoned.
The spiny frog poisons you! The yak completely misses you.
Found a potion of heal wounds.
Unknown command.
You feel better. The yak gores your ice beast!
The guardian serpent casts a spell.
The yak blinks!
Your ice beast hits the guardian serpent but does no damage.
The spiny frog stings you but does no damage.
Your ice beast closely misses the guardian serpent.
The yak barely misses you.
The guardian serpent closely misses your ice beast.
The yak misses you. The spiny frog barely misses you.
The guardian serpent hits your ice beast!!
Your ice beast dies!
Your ice beast misses the guardian serpent.
The yak gores you!
* * * LOW HITPOINT WARNING * * *
The yak gores you but does no damage.
Unknown command.
Okay, then.
Unknown command.
You feel much better. The spiny frog closely misses you.
Your ice beast misses the guardian serpent.
The yak misses you. The yak gores you but does no damage.
Unknown command.
Unknown command.
You closely miss the guardian serpent.
The guardian serpent is almost dead.
The spiny frog misses you. The guardian serpent hits you!
Your ice beast barely misses the guardian serpent.
The yak gores you! The spiny frog misses you.
The yak gores you but does no damage.
Unknown command.
You barely miss the guardian serpent.
The guardian serpent is almost dead.
The guardian serpent hits you.
* * * LOW HITPOINT WARNING * * *
Your ice beast barely misses the guardian serpent.
The spiny frog completely misses you. The guardian serpent hits you!
* * * LOW HITPOINT WARNING * * *
The yak completely misses you. The yak closely misses you.
Unknown command.
You hit the guardian serpent.
The guardian serpent is almost dead.
The guardian serpent coils itself and waves its upper body at you.
The bolt of poison misses you. The spiny frog barely misses you.
Your ice beast hits the guardian serpent.
Your ice beast freezes the guardian serpent!
The guardian serpent dies!
The yak gores you but does no damage. The yak misses you.
Unknown command.
Unknown command.
You feel better. The spiny frog barely misses you. The yak barely misses you.
The yak misses you.
Unknown command.
Your ice beast hits the yak.
Your ice beast freezes the yak!
The yak gores your ice beast but does no damage.
The yak barely misses you.
Unknown command.
Your ice beast hits the yak but does no damage.
The yak gores your ice beast. The yak gores you.
* * * LOW HITPOINT WARNING * * *
The spiny frog completely misses you.
Unknown command.
Your ice beast hits the yak but does no damage.
The yak gores your ice beast!
Unknown command.
Your ice beast hits the yak.
Your ice beast freezes the yak!
The yak dies!
Unknown command.
Evoke which item? (* to show all) (? for menu, Esc to quit)
Aim the lamp in which direction?
Press: ? - help, Dir - move target cursor, f - yak
Aim: a yak The flames dance!
The spiny frog stings you but does no damage.
Unknown command.
Unknown command.
Unknown command.
The spiny frog stings you!
* * * LOW HITPOINT WARNING * * *
You are lethally poisoned!
The spiny frog poisons you!
The yak is engulfed in blazing flames.
The spiny frog stings you!!
You die...
Fedhas appreciates your contribution to the ecosystem.

##.#..##..#.## ...
#.#.......%..#. P..
##...##........ ..#
...$#......#.. ##
...#.......$# ...
..P#.......# !...
###.......# #P... #
#.......## #####..... #
#........## ##@Y#......
###.........###.#F§......
##
#........##..###..§>.....
..
#........#ff.##†Y..§.....
..
...........#...†...§.....
..
.........>###†.†..§......
..
...........#.#.#..§......
..
..............##.§.......
..
............P####....#...
..


You could see a yak and a spiny frog.

Vanquished Creatures
  Harold (Lair:4)
  An unseen horror (D:10)
  A lindwurm (Lair:1)
  An elephant (Lair:4)
  2 black mambas (Lair:2)
  A spiny frog (Lair:3)
  The ghost of komo4ek the Caller, an amateur HuSu (D:4)
  2 hippogriffs (Lair:1)
  19 yaks
  4 porcupines
  4 water moccasins
  2 ice beasts
  2 sky beasts
  A black bear (D:9)
  An ogre (D:9)
  A phantom (D:6)
  3 centaurs
  5 wolves (Lair:3)
  2 crocodiles
  A wandering mushroom (Lair:4)
  5 bullfrogs
  3 scorpions
  6 killer bees
  3 wights
  A crimson imp (D:10)
  2 jellies
  2 orc priests
  6 hounds
  5 bullfrog skeletons
  2 centaur skeletons
  4 orc wizards
  An iguana (D:9)
  4 worker ants
  A killer bee zombie (D:8)
  A hound skeleton (D:10)
  9 adders
  7 gnolls
  A howler monkey skeleton (D:8)
  2 shadow imps
  4 oozes
  An adder skeleton (D:4)
  4 worms (D:2)
  6 leopard geckos
  19 orcs
  7 bats
  6 giant cockroaches
  3 goblins
  8 hobgoblins
  6 jackals
  6 kobolds
  2 quokkas
  A ball python (D:4)
  5 frilled lizards
  A quokka skeleton (D:7)
  A quokka zombie (D:9)
  4 rats
204 creatures vanquished.

Vanquished Creatures (collateral kills)
  3 hydras
  A two-headed ogre (D:8)
  2 elephants (Lair:4)
  A guardian serpent (Lair:4)
  A komodo dragon (Lair:1)
  3 blink frogs (Lair:3)
  2 hippogriffs
  8 yaks
  A hungry ghost (D:10)
  A water moccasin (D:9)
  2 hell hounds (D:10)
  2 orc warriors
  An ice beast (D:9)
  A phantom (D:6)
  2 ogres
  3 centaurs
  A crocodile (D:7)
  A big kobold (D:6)
  2 bullfrogs
  A scorpion (D:5)
  2 killer bees (D:7)
  2 howler monkeys
  A wight (D:8)
  2 crimson imps
  A hound (D:7)
  A gnoll shaman (D:7)
  2 orc priests (D:10)
  A bullfrog skeleton (D:5)
  2 jellies (D:7)
  7 orc wizards
  An iguana (D:10)
  Terence (D:3)
  A worker ant (D:4)
  2 gnolls (D:7)
  3 adders (D:7)
  10 orcs
  A giant cockroach (D:5)
  3 jackals (D:6)
  A quokka (D:8)
  5 kobolds (D:6)
88 creatures vanquished.

Vanquished Creatures (others)
  A necrophage (D:6)
  4 wandering mushrooms
  6 fungi
  177 toadstools
188 creatures vanquished.

Grand Total: 480 creatures vanquished

Notes
Turn   | Place    | Note
-------+----------+-------------------------------------------
     0 | D:1      | magipi the Merfolk Ice Elementalist began the quest for the Orb.
     0 | D:1      | Reached XP level 1. HP: 13/13 MP: 3/3
   457 | D:1      | Reached XP level 2. HP: 7/19 MP: 5/5
  1032 | D:1      | Reached XP level 3. HP: 24/24 MP: 4/6
  1139 | D:1      | Learned a level 3 spell: Ozocubu's Armour
  1951 | D:2      | Reached skill level 1 in Charms
  1951 | D:2      | Reached XP level 4. HP: 25/30 MP: 3/8
  2819 | D:3      | Noticed Terence
  3258 | D:3      | Learned a level 4 spell: Summon Ice Beast
  3358 | D:3      | Reached XP level 5. HP: 35/35 MP: 5/9
  3361 | D:3      | Found a hazy altar of Hepliaklqana.
  3471 | D:4      | Noticed a centaur
  3480 | D:4      | Killed a centaur
  3480 | D:4      | Reached skill level 1 in Summonings
  3480 | D:4      | Reached skill level 5 in Ice Magic
  3638 | D:4      | Reached XP level 6. HP: 27/41 MP: 10/10
  3656 | D:4      | Noticed komo4ek's ghost (amateur HuSu)
  4017 | D:4      | Noticed an orc warrior
  4345 | D:4      | Found a staircase to the Ecumenical Temple.
  4355 | Temple   | Entered the Ecumenical Temple
  4394 | Temple   | Became a worshipper of Fedhas Madash
  4875 | D:4      | Killed an orc warrior
  4875 | D:4      | Reached XP level 7. HP: 27/46 MP: 2/11
  4980 | D:4      | Killed komo4ek's ghost
  5345 | D:3      | Killed Terence
  5477 | D:5      | Entered Level 5 of the Dungeon
  6006 | D:6      | Reached skill level 5 in Summonings
  6006 | D:6      | Reached XP level 8. HP: 45/52 MP: 9/12
  6088 | D:6      | Reached skill level 1 in Polearms
  6252 | D:6      | Reached skill level 2 in Polearms
  6320 | D:6      | Reached * piety under Fedhas
  6749 | D:6      | Reached skill level 5 in Charms
  7077 | D:6      | Reached skill level 3 in Polearms
  7721 | D:7      | Reached skill level 4 in Polearms
  7810 | D:7      | Reached skill level 5 in Polearms
  7940 | D:7      | Found a flagged portal.
  7952 | Bailey   | Entered a bailey
  8083 | D:7      | Reached skill level 6 in Polearms
  8099 | D:7      | Reached ** piety under Fedhas
  8289 | D:7      | Reached skill level 7 in Polearms
  9059 | D:8      | Reached skill level 1 in Fighting
  9059 | D:8      | Reached XP level 9. HP: 59/59 MP: 9/13
  9209 | D:8      | Identified a scroll of acquirement
  9312 | D:8      | Noticed a two-headed ogre
  9327 | D:8      | Killed a two-headed ogre
  9327 | D:8      | Reached skill level 8 in Polearms
  9629 | D:8      | Reached skill level 9 in Polearms
 10075 | D:8      | Reached skill level 10 in Polearms
 10124 | D:8      | Reached skill level 5 in Fighting
 10616 | D:9      | Identified the +0 leather armour of True Grit {rN+ Int+4} (You found it on level 9 of the Dungeon)
 10851 | D:9      | Found Faryesue's Assorted Antiques.
 10857 | D:9      | Bought a scroll of identify for 52 gold pieces
 10857 | D:9      | Bought a twisted copper wand for 104 gold pieces
 10857 | D:9      | Bought a sedimented silvery potion for 23 gold pieces
 10857 | D:9      | Bought a scroll of identify for 52 gold pieces
 10857 | D:9      | Bought a scroll labeled JAGEATETAYLL for 26 gold pieces
 10943 | D:9      | Reached XP level 10. HP: 76/76 MP: 16/16
 11509 | D:10     | Entered Level 10 of the Dungeon
 11640 | D:10     | Noticed an unseen horror
 11650 | D:10     | Killed an unseen horror
 11650 | D:10     | Reached skill level 11 in Polearms
 11977 | D:10     | Found a staircase to the Lair.
 12282 | D:10     | Found a staircase to the Orcish Mines.
 12372 | D:10     | Reached *** piety under Fedhas
 12516 | D:10     | Found a roughly hewn altar of Beogh.
 13035 | Lair:1   | Entered Level 1 of the Lair of Beasts
 13131 | Lair:1   | Reached skill level 5 in Dodging
 13447 | Lair:1   | Found a dark tunnel.
 13447 | Lair:1   | Noticed a lindwurm
 13456 | Lair:1   | Killed a lindwurm
 13456 | Lair:1   | Reached skill level 12 in Polearms
 13456 | Lair:1   | Reached XP level 11. HP: 72/85 MP: 17/17
 13563 | Lair:1   | Found a snail-covered altar of Cheibriados.
 14281 | Lair:2   | Reached skill level 13 in Polearms
 14328 | Lair:2   | Noticed Nergalle
 14671 | Lair:3   | Reached skill level 1 in Invocations
 14703 | Lair:3   | Reached skill level 1 in Evocations
 14780 | Lair:3   | Noticed a four-headed hydra
 14792 | Lair:3   | Noticed a seven-headed hydra
 14796 | Lair:3   | Killed a four-headed hydra
 14807 | Lair:3   | Killed a seven-headed hydra
 15166 | Lair:3   | Noticed Fannar
 15270 | Lair:4   | Found a staircase to the Shoals.
 15373 | Lair:4   | Noticed a five-headed hydra
 15385 | Lair:4   | Killed a five-headed hydra
 15628 | Lair:4   | Noticed an oklob plant
 15674 | Lair:4   | Noticed Harold
 15689 | Lair:4   | Killed Harold
 15689 | Lair:4   | Reached XP level 12. HP: 95/95 MP: 4/18
 15721 | Lair:4   | Reached skill level 14 in Polearms
 15827 | Lair:4   | Found a staircase to the Snake Pit.
 15859 | Lair:4   | Mangled by a spiny frog

Skill      XL: |  1  2  3  4  5  6  7  8  9 10 11 12 |
---------------+-------------------------------------+-----
Ice Magic      | 4 5 6 7 |  7.0
Charms         | 1 2 3 4 5 |  5.0
Spellcasting   | 3 4 |  4.0
Summonings     | 2 3 5 7 |  7.0
Polearms       | 7 10 12 13 14 | 14.0
Fighting       | 1 5 7 9 |  9.0
Dodging        | 6 9 |  9.5
Invocations    | 3 4 |  4.3
Evocations     | 3 |  3.9
Stealth        | |  2.1
Conjurations   | |  0.7

Action                   |  1- 3 |  4- 6 |  7- 9 | 10-12 || total
-------------------------+-------+-------+-------+-------++-------
Melee: Dagger            |     3 |       |       |       ||     3
       Halberd           |    24 |   105 |   172 |       ||   301
       Glaive            |       |       |    89 |   281 ||   370
 Cast: Freeze            |    43 |    33 |    31 |     3 ||   110
       Summon Ice Beast  |       |     5 |    54 |    40 ||    99
       Ozocubu's Armour  |       |       |     9 |    19 ||    28
Invok: Fungal Bloom      |       |     1 |    18 |    34 ||    53
       Evolution         |       |       |     1 |     6 ||     7
Evoke: Wand              |       |       |       |     3 ||     3
       Lamp of fire      |       |       |       |     1 ||     1
  Use: Scroll            |       |    12 |    11 |    10 ||    33
       Potion            |       |       |     4 |     7 ||    11
 Stab: Sleeping          |     5 |     9 |     3 |     6 ||    23
       Distracted        |       |       |     2 |     3 ||     5
       Confused          |       |       |       |     2 ||     2
  Eat: Chunk             |     4 |     7 |    12 |    19 ||    42
       Ration            |       |     1 |     6 |     2 ||     9
Armor: Robe              |    19 |    27 |    89 |       ||   135
       Skin              |       |       |    43 |    20 ||    63
       Leather armour    |       |       |     6 |    92 ||    98
Dodge: Dodged            |    39 |    82 |   204 |   223 ||   548

Action                   |  1- 3 |  4- 6 |  7- 9 | 10-12 || total
-------------------------+-------+-------+-------+-------++-------
Melee: Dagger            |     3 |       |       |       ||     3
       Halberd           |    24 |   105 |   172 |       ||   301
       Glaive            |       |       |    89 |   281 ||   370
 Cast: Freeze            |    43 |    33 |    31 |     3 ||   110
       Summon Ice Beast  |       |     5 |    54 |    40 ||    99
       Ozocubu's Armour  |       |       |     9 |    19 ||    28
Invok: Fungal Bloom      |       |     1 |    18 |    34 ||    53
       Evolution         |       |       |     1 |     6 ||     7
Evoke: Wand              |       |       |       |     3 ||     3
       Lamp of fire      |       |       |       |     1 ||     1
  Use: Scroll            |       |    12 |    11 |    10 ||    33
       Potion            |       |       |     4 |     7 ||    11
 Stab: Sleeping          |     5 |     9 |     3 |     6 ||    23
       Distracted        |       |       |     2 |     3 ||     5
       Confused          |       |       |       |     2 ||     2
  Eat: Chunk             |     4 |     7 |    12 |    19 ||    42
       Ration            |       |     1 |     6 |     2 ||     9
Armor: Robe              |    19 |    27 |    89 |       ||   135
       Skin              |       |       |    43 |    20 ||    63
       Leather armour    |       |       |     6 |    92 ||    98
Dodge: Dodged            |    39 |    82 |   204 |   223 ||   548
